Map: Royal Blood LE

Players

PrettyFly - Winner!

  • Race: Protoss Protoss
  • League: Diamond
  • Spawn Location: 7:00

CreepCreep

  • Race: Zerg Zerg
  • League: Diamond
  • Spawn Location: 1:00

VOD

Have the link to the VOD?

Description

PvZ oracles->blink->colos/diz (3500mmr)

Time

  • Played on: June 30, 2023, 9:26 p.m.
  • Length: 14:47
Show
View Real Time Build Order
Export as new Build Order

PrettyFly Protoss - Winner!

Build Orders: 1 Gate Expand, Oracle Opening 

Get SALT Encoding   

  12  0:00  Probe  
  13  0:15  Pylon  
  13  0:19  Probe (Chrono Boost)  
  14  0:30  Probe (Chrono Boost)  
  15  0:37  Gateway  
  15  0:38  Probe  
  16  0:49  Assimilator  
  16  0:52  Probe  
  18  1:04  Probe  
  18  1:16  Probe  
  19  1:31  Nexus  
  19  1:40  Cybernetics Core  
  19  1:46  Assimilator  
  19  1:49  Probe  
  20  1:56  Pylon  
  20  2:02  Probe  
  21  2:14  Probe  
  22  2:16  Adept (Chrono Boost)  
  22  2:22  Stargate  
  24  2:26  Probe  
  25  2:32  Warp Gate  
  25  2:40  Probe  
  25  2:42  Adept (Chrono Boost)  
  28  2:45  Probe  
  29  3:02  Probe x2  
  29  3:05  Oracle (Chrono Boost)  
  34  3:14  Probe  
  33  3:24  Probe  
  33  3:26  Probe  
  35  3:41  Oracle  
  35  3:44  Probe x2  
  40  3:52  Nexus  
  40  3:56  Probe x2  
  40  4:01  Twilight Council  
  42  4:08  Probe  
  43  4:14  Probe  
  44  4:20  Probe  
  45  4:26  Probe  
  45  4:31  Pylon  
  46  4:34  Pylon  
  46  4:38  Forge  
  46  4:41  Gateway x2  
  46  4:42  Blink  
  46  4:47  Pylon  
  46  4:49  Probe  
  46  4:50  Assimilator  
  47  4:53  Probe, Assimilator  
  48  5:25  Probe x2  
  48  5:29  Adept  
  48  5:31  Shield Battery  
  50  5:37  Probe  
  50  5:38  Protoss Ground Weapons Level 1 (Chrono Boost)  
  50  5:39  Stalker x2  
  55  5:45  Probe x2  
  55  5:49  Probe, Void Ray  
  62  5:51  Shield Battery  
  62  5:57  Probe x2  
  62  6:02  Pylon  
  64  6:05  Probe  
  64  6:08  Robotics Facility, Adept x2  
  64  6:09  Probe x2  
  64  6:10  Robotics Facility  
  71  6:17  Probe  
  72  6:21  Probe x2  
  72  6:23  Pylon  
  72  6:25  Stalker  
  76  6:29  Probe  
  77  6:33  Probe x2  
  79  6:41  Probe  
  80  6:58  Probe  
  80  6:59  Probe x2  
  80  7:11  Probe  
  80  7:15  Immortal x2  
  89  7:21  Photon Cannon  
  89  7:24  Pylon, Assimilator  
  89  7:25  Photon Cannon  
  89  7:28  Photon Cannon  
  89  7:29  Gateway  
  89  7:30  Pylon x2  
  89  7:31  Protoss Ground Weapons Level 2 (Chrono Boost)  
  89  7:33  Probe x3, Pylon  
  89  7:34  Robotics Bay  
  89  7:36  Charge, Gateway x2  
  92  7:40  Gateway  
  90  7:53  Stalker x3  
  76  8:21  Stalker x3  
  76  8:25  Shield Battery  
  82  8:28  Disruptor x2  
  88  8:35  Stalker x3  
  94  8:43  Probe x3  
  94  8:46  Nexus  
  97  8:48  Pylon  
  97  8:50  Pylon  
  97  8:53  Assimilator  
  97  8:55  Probe  
  98  8:56  Assimilator  
  98  9:04  Warp Prism  
  98  9:06  Probe x2  
  98  9:07  Colossus, Probe  
  109  9:18  Probe  
  110  9:29  Probe  
  110  9:30  Probe x2  
  110  9:31  Stalker x5  
  119  9:32  Stalker  
  119  9:35  Void Ray  
  119  9:37  Assimilator, Photon Cannon  
  129  9:39  Pylon  
  129  9:40  Colossus  
  129  9:42  Extended Thermal Lance (Chrono Boost)  
  135  10:01  Stalker x4  
  135  10:02  Observer, Stalker  
  143  10:28  Disruptor  
  146  10:33  Disruptor  
  146  10:35  Oracle  
  152  10:46  Probe x3, Photon Cannon  
  152  10:48  Photon Cannon  
  155  10:50  Photon Cannon  
  155  10:52  Photon Cannon  
  155  10:56  Photon Cannon  
  155  10:57  Probe  
  155  10:58  Probe x3, Shield Battery  
  159  11:06  Warp Prism  
  159  11:10  Observer  
  162  11:23  Zealot  
  164  11:27  Protoss Ground Weapons Level 3 (Chrono Boost)  
  164  11:31  Pylon x3  
  164  11:32  Gateway x2, Pylon  
  164  11:34  Pylon  
  164  11:36  Pylon  
  164  12:06  Colossus x2  
  164  12:08  Oracle  
  179  12:11  Stalker x5  
  189  12:16  Zealot x2  
  193  12:28  Zealot x2  
  197  12:33  Probe x3  
  197  12:35  Observer  
  198  12:39  Zealot x2  
  196  12:44  Nexus  
  188  13:09  Pylon  
  186  13:14  Colossus x2  
  198  13:31  Gateway  
  198  13:37  Pylon, Photon Cannon  
  198  13:38  Photon Cannon  
  198  13:39  Photon Cannon x3  
  198  14:26  Stalker  
Show
View Real Time Build Order
Export as new Build Order

CreepCreep Zerg 

Build Orders: Hatch First, Lurkers 

Get SALT Encoding   

  12  0:01  Drone  
  13  0:13  Overlord  
  13  0:19  Drone  
  14  0:31  Drone x2  
  16  0:53  Drone  
  16  0:55  Hatchery  
  16  0:56  Drone  
  17  1:04  Drone  
  17  1:10  Extractor  
  17  1:17  Spawning Pool  
  16  1:25  Drone x2  
  18  1:30  Drone  
  19  1:42  Drone  
  20  1:54  Drone  
  21  2:07  Overlord  
  21  2:08  Queen x2  
  21  2:09  Zergling x2  
  21  2:14  Zergling x2  
  27  2:17  Metabolic Boost  
  27  2:23  Drone  
  27  2:25  Drone  
  29  2:35  Drone x2  
  31  2:40  Drone  
  32  2:44  Queen  
  33  2:58  Drone x3  
  36  3:16  Spore Crawler  
  36  3:19  Hatchery  
  34  3:28  Drone  
  34  3:29  Overlord x2, Drone  
  36  3:36  Roach Warren  
  34  3:44  Drone x2  
  36  3:52  Drone x8  
  36  3:53  Extractor  
  43  3:59  Queen  
  41  4:04  Spore Crawler  
  41  4:06  Drone  
  41  4:07  Drone x2  
  38  4:16  Drone x2  
  39  4:29  Zergling x4  
  41  4:34  Queen  
  43  4:41  Lair  
  43  4:44  Drone x7  
  50  4:52  Pneumatized Carapace  
  49  5:04  Roach x4  
  57  5:08  Drone  
  57  5:10  Queen  
  57  5:11  Spore Crawler  
  54  5:22  Drone x3  
  54  5:23  Drone  
  58  5:32  Overlord x2  
  58  5:39  Evolution Chamber  
  57  5:45  Drone  
  57  5:46  Overlord x2  
  58  5:56  Drone x6  
  58  5:57  Overlord x3  
  64  6:00  Extractor  
  64  6:03  Glial Reconstitution  
  63  6:04  Zerg Missile Weapons Level 1  
  63  6:08  Roach  
  63  6:09  Roach x3  
  71  6:13  Ravager  
  72  6:19  Drone x3  
  75  6:27  Roach x5  
  85  6:36  Drone x5  
  85  6:39  Roach x2  
  94  6:50  Extractor  
  94  6:53  Queen  
  94  6:55  Spore Crawler  
  92  7:03  Queen  
  92  7:06  Queen  
  98  7:15  Roach  
  98  7:16  Roach x8  
  114  7:26  Overlord x3  
  114  7:42  Burrow  
  104  8:07  Ravager  
  104  8:09  Ravager  
  104  8:12  Roach x11  
  93  8:26  Drone  
  92  8:27  Drone x3  
  92  8:28  Drone  
  92  8:29  Drone x2  
  92  8:30  Overlord x2, Drone  
  99  8:41  Ravager x2  
  99  8:42  Ravager x2  
  99  8:43  Hatchery  
  102  9:05  Extractor  
  101  9:16  Roach x13  
  101  9:17  Roach x2  
  131  9:22  Queen  
  131  9:23  Hatchery  
  132  9:25  Hatchery  
  131  9:42  Hatchery  
  130  9:46  Drone x3  
  130  9:47  Hatchery  
  130  9:48  Drone  
  130  9:49  Drone x2  
  135  9:58  Queen  
  137  10:07  Zerg Missile Weapons Level 2  
  137  10:10  Evolution Chamber  
  137  10:11  Hydralisk Den  
  135  10:19  Overlord x5  
  135  10:30  Infestation Pit, Tunneling Claws  
  134  10:39  Overlord x3  
  134  10:40  Drone x2  
  134  10:41  Drone x7  
  143  11:00  Hydralisk x2  
  143  11:01  Hydralisk x4  
  155  11:05  Drone x5  
  155  11:06  Extractor  
  155  11:07  Hydralisk x11, Extractor  
  180  11:29  Drone  
  180  11:30  Drone x9  
  190  11:34  Hive  
  190  11:37  Lurker Den, Muscular Augments  
  189  12:10  Zerg Ground Armor Level 1  
  182  12:44  Queen x5  
  182  12:45  Queen  
  182  12:46  Queen  
  182  12:48  Grooved Spines  
  196  12:52  Drone x5  
  194  13:07  Drone x6  
  194  13:10  Spore Crawler  
  194  13:11  Spore Crawler  
  194  13:12  Spine Crawler  
  197  13:23  Lurker x3  
  200  13:28  Hydralisk x12  
  200  13:33  Roach x23, Adaptive Talons  
  189  14:06  Hydralisk x4  
  189  14:07  Lurker x2  
  189  14:08  Lurker  
  170  14:11  Roach x17  
  167  14:21  Zergling x2  
  167  14:22  Zergling x52  
  167  14:23  Zergling x18  
Tags
 
Add a new tag
Caveats
  • Supply blocks, unpowered buildings, or Contaminate may cause inaccurate times.
  • Supply counts are checked every 10 seconds.